AoeStats
← Nexblux

Arena

506064714Analyzed
2v2 RM · 21d ago on Sep 12, 2026· 41m 55s· 4 players
Game mode
Random Map
Map size
Medium (4 player)
Population
200
Speed
Normal
Resources
Standard
Victory
Conquest
Starting age
Dark Age
Ending age
Imperial Age
RankedLock teamsTeams togetherTeam positionsShared explorationLock speedFull tech treeHidden civsTurbo modeCheats
Victory
Defeat
🇲🇽 Poles · Mexico
1200
+9
🇦🇷 Hindustanis · Argentina
928
+18
🇦🇷 Goths · Argentina
1022
-14
🇨🇳 Turks · China
1000
-40
alcalyx93
2:24 Loom
10:44 Feudal Age
15:07 Castle Age
13:18 Double-Bit Axe
13:17 Horse Collar
16:33 Town Watch
19:51 Heavy Plow
21:11 Squires
25:57 Wheelbarrow
26:13 Bow Saw
26:49 Fletching
32:44 Imperial Age
32:14 Bodkin Arrow
34:39 Conscription
36:37 Anarchy
38:09 Crop Rotation
38:37 Hand Cart
38:22 Town Patrol
新手特别菜
1:18 Loom
12:46 Feudal Age
13:48 Loom
16:34 Castle Age
27:12 Imperial Age
40:26 Conscription
FlashKiller
10:22 Feudal Age
8:37 Loom
15:19 Castle Age
13:14 Double-Bit Axe
13:40 Horse Collar
15:38 Wheelbarrow
16:32 Bow Saw
17:05 Fletching
24:15 Scale Mail Armor
26:26 Heavy Plow
27:38 Hand Cart
27:25 Gold Mining
30:38 Imperial Age
29:08 Scale Barding Armor
29:15 Forging
29:41 Szlachta Privileges
29:49 Bloodlines
30:25 Husbandry
30:47 Chain Barding Armor
31:33 Cavalier
33:40 Iron Casting
33:37 Town Watch
40:15 Crop Rotation
Nexblux
10:38 Feudal Age
9:18 Loom
11:27 Double-Bit Axe
13:32 Horse Collar
17:18 Castle Age
15:36 Gold Mining
16:56 Stone Mining
17:19 Padded Archer Armor
18:49 Bow Saw
18:45 Heavy Plow
27:35 Fletching
28:01 Leather Archer Armor
30:20 Gold Shaft Mining
39:41 Forging
39:31 Scale Mail Armor
Connection lost

Rejoining the realm…

Still unreachable

The connection could not be restored.

Session expired

The server has moved on; the page needs a fresh start.